 Dungeon Crawl Stone Soup version 0.21.0-25-ge575cb9 (webtiles) character file.

4179 JeffiDaFish the Cleaver (level 10, -1/88 HPs)
             Began as a Minotaur Fighter on Jan 23, 2018.
             Was a Priest of Okawaru.
             Slain by a hellwing (10 damage)
             ... on level 7 of the Dungeon.
             The game lasted 00:14:51 (6079 turns).

JeffiDaFish the Cleaver (Minotaur Fighter)          Turns: 6079, Time: 00:14:51

Health: -1/88      AC:  6    Str: 20    XL:     10   Next: 8%
Magic:  11/11      EV: 16    Int:  7    God:    Okawaru [***...]
Gold:   441        SH: 12    Dex: 16    Spells: 9/9 levels left

rFire    . . .     SeeInvis .   a - +1 war axe
rCold    . . .     Gourm    .   c - +1 shield
rNeg     . . .     Faith    .   r - +0 steam dragon scales
rPois    +         Spirit   .   (helmet unavailable)
rElec    .         Reflect  .   (no cloak)
rCorr    .         Harm     .   (no gloves)
MR       .....     Rnd*Tele +   (no boots)
Stlth    ++........             (no amulet)
HPRegen  0.24/turn              t - ring of teleportation
MPRegen  0.12/turn              i - +2 ring of dexterity

@: hasted, very quick
A: retaliatory headbutt, horns 3, blink, clever 1, poison resistance
a: Blink, Heroism, Renounce Religion


You were on level 7 of the Dungeon.
You worshipped Okawaru.
Okawaru was most pleased with you.
You were not hungry.

You visited 2 branches of the dungeon, and saw 8 of its levels.
You also visited: Ossuary.

You collected 441 gold pieces.

Inventory:

Hand Weapons
 a - a +1 war axe (weapon)
 d - a +2 whip of electrocution
Armour
 b - a +0 plate armour
 c - a +1 shield (worn)
 r - +0 steam dragon scales (worn)
Jewellery
 i - a +2 ring of dexterity (right hand)
 t - a ring of teleportation (left hand)
Wands
 k - a wand of polymorph (12)
 s - a wand of acid (7)
Scrolls
 e - a scroll of teleportation
 h - a scroll of remove curse
 o - 8 scrolls of identify
Potions
 g - a potion of ambrosia
 m - a potion of brilliance
 p - a potion of haste
 u - a potion of mutation
Books
 q - a book of Frost

   Spells                             Type                      Level
   a - Freeze                         Ice                          1
   b - Throw Frost                    Conjuration/Ice              2
   c - Ozocubu's Armour               Charms/Ice                   3
   d - Throw Icicle                   Conjuration/Ice              4
   e - Summon Ice Beast               Ice/Summoning                4
Comestibles
 f - 8 rations
 l - 10 chunks of flesh


   Skills:
 + Level 7.9 Fighting
 + Level 8.8 Axes
 + Level 7.8 Armour
 * Level 7.8 Dodging
 - Level 0.3 Stealth
 + Level 7.7 Shields
 + Level 3.2 Invocations


You had 9 spell levels left.
You didn't know any spells.

Dungeon Overview and Level Annotations

Branches:
Dungeon (7/15)             Temple (1/1) D:5

Altars:
Ashenzari
Dithmenos
Elyvilon
Okawaru
Ru
Sif Muna
Trog
Uskayaw
Vehumet
Wu Jian
Xom
Zin

Shops:
D:4 %   D:6 ?


Innate Abilities, Weirdness & Mutations

You reflexively headbutt those who attack you in melee.
You have a pair of large horns on your head.
You can translocate small distances at will.
Your mind is acute. (Int +2)
Your system is resistant to poisons. (rPois)


Message History

* * * LOW HITPOINT WARNING * * *
The hellwing hits you.
* * * LOW HITPOINT WARNING * * *
You feel better.
You hit the hellwing but do no damage.
The hellwing is lightly wounded.
You block the hellwing's attack. x2
You hit the hellwing but do no damage. Your headbutt misses the hellwing.
The hellwing is lightly wounded.
The hellwing closely misses you. You block the hellwing's attack.
You barely miss the hellwing.
The hellwing is lightly wounded.
The hellwing misses you. You furiously retaliate!
You headbutt the hellwing! You block the hellwing's attack.
You closely miss the hellwing.
The hellwing is moderately wounded.
As you read the scroll labeled OSULEA NELI, it crumbles to dust.
It is a scroll of enchant weapon.
Your +0 war axe glows red for a moment.
The hellwing hits you!
You die...

.............#
....<......##.## ##
##...........##.## ..
#.............#..## .
#..............#..###
###
#................)..#
..###
#.........>....#).#...#
....# #........[##..)#
##.. .....
#...@#######...# .....
##..4# ##..## ....#
#######...# #...# ...#
##.....#...#
####..##### ...#
#.......[..#
#.........# ..##
##...%......#
#.#######.# .##
##...........# # #.####
## #...5.........
#....# # #..Z4.Z5.....
###..#


You could see a hellwing.

Vanquished Creatures
  4 centaur zombies (D:7)
  A centaur skeleton (D:7)
  A hellwing (D:7)
  A meliai zombie (D:7)
  A steam dragon (D:4)
  Menkaure (D:6)
  2 orc warriors (D:6)
  3 phantoms
  A sky beast (D:5)
  A hornet zombie (D:7)
  2 centaurs (D:6)
  A bullfrog (D:7)
  A scorpion (D:5)
  3 killer bees (D:7)
  2 crimson imps
  2 bullfrog zombies
  4 hounds
  3 jellies
  5 orc wizards
  3 orc priests
  Terence (D:2)
  3 iguanas (D:6)
  Ijyb (D:3)
  2 worker ants
  A killer bee zombie (D:7)
  6 big kobold zombies (Ossuary)
  A mummy (Ossuary)
  A worker ant zombie (D:6)
  Robin (D:2)
  5 gnolls
  5 adders
  3 shadow imps
  An ooze (D:5)
  An adder zombie (D:6)
  An adder skeleton (D:6)
  2 worms
  2 dart slugs
  4 leopard geckos
  21 orcs
  5 spectral bats (Ossuary)
  4 giant cockroaches
  17 goblins
  9 hobgoblins
  7 jackals
  5 kobolds
  2 quokkas
  2 ball pythons
  5 bats
  A bat simulacrum (Ossuary)
  4 frilled lizards
  6 gnoll zombies (Ossuary)
  3 goblin simulacra (Ossuary)
  4 goblin zombies (Ossuary)
  5 hobgoblin zombies (Ossuary)
  5 kobold zombies (Ossuary)
  4 orc zombies (Ossuary)
  A quokka zombie (D:5)
  7 rats
  5 rat simulacra (Ossuary)
  2 spectral goblins (Ossuary)
  2 spectral kobolds (Ossuary)
  2 spectral rats (Ossuary)
211 creatures vanquished.

Notes
Turn   | Place    | Note
-------+----------+-------------------------------------------
     0 | D:1      | JeffiDaFish the Minotaur Fighter began the quest for the Orb.
     0 | D:1      | Reached XP level 1. HP: 19/19 MP: 0/0
   196 | D:1      | Reached XP level 2. HP: 19/27 MP: 1/1
   308 | D:1      | Reached XP level 3. HP: 30/33 MP: 2/2
   631 | D:2      | Noticed Robin
   640 | D:2      | Reached skill level 3 in Axes
   646 | D:2      | Killed Robin
   730 | D:2      | Noticed Terence
   737 | D:2      | Killed Terence
   737 | D:2      | Reached XP level 4. HP: 35/41 MP: 3/3
  1057 | D:2      | Reached skill level 4 in Axes
  1299 | D:3      | Reached skill level 1 in Dodging
  1339 | D:3      | Reached XP level 5. HP: 6/47 MP: 4/4
  1339 | D:3      | Reached skill level 5 in Axes
  1375 | D:3      | Noticed Ijyb
  1381 | D:3      | Killed Ijyb
  1705 | D:3      | Reached XP level 6. HP: 55/55 MP: 5/5
  2391 | D:4      | Reached skill level 5 in Fighting
  2638 | D:4      | Found Kuaps's Food Boutique.
  2923 | D:4      | Noticed a steam dragon
  2935 | D:4      | Killed a steam dragon
  2935 | D:4      | Reached skill level 6 in Axes
  3119 | D:4      | Reached skill level 5 in Armour
  3132 | D:4      | Reached XP level 7. HP: 61/61 MP: 6/6
  3245 | D:5      | Entered Level 5 of the Dungeon
  3249 | D:5      | Reached skill level 5 in Shields
  3453 | D:5      | Found a sand-covered staircase.
  3478 | Ossuary  | Entered an ossuary
  3925 | D:5      | Found a sacrificial altar of Ru.
  3964 | D:5      | Found a staircase to the Ecumenical Temple.
  3975 | Temple   | Entered the Ecumenical Temple
  3983 | Temple   | Became a worshipper of Warmaster Okawaru
  4051 | D:5      | Reached skill level 7 in Axes
  4051 | D:5      | Reached XP level 8. HP: 62/70 MP: 7/7
  4342 | D:6      | Found a bloodstained altar of Trog.
  4617 | D:6      | Reached skill level 5 in Dodging
  4700 | D:6      | Noticed Menkaure
  4702 | D:6      | Found Huuwen's Magic Scroll Shoppe.
  4708 | D:6      | Killed Menkaure
  4708 | D:6      | Reached * piety under Okawaru
  4937 | D:6      | Found a sacrificial altar of Ru.
  4979 | D:6      | Reached skill level 1 in Invocations
  4979 | D:6      | Reached XP level 9. HP: 36/78 MP: 6/8
  5541 | D:7      | Noticed a hellwing
  5542 | D:7      | Noticed a hellwing
  5547 | D:7      | HP: 3/78 [centaur warrior skeleton (1)]
  5891 | D:7      | Reached skill level 8 in Axes
  5916 | D:7      | Reached ** piety under Okawaru
  5977 | D:7      | Reached *** piety under Okawaru
  6029 | D:7      | Reached XP level 10. HP: 88/88 MP: 11/11
  6046 | D:7      | Gained mutation: You have a pair of large horns on your head. [potion of mutation]
  6046 | D:7      | Gained mutation: Your mind is acute. (Int +2) [potion of mutation]
  6046 | D:7      | Gained mutation: You can translocate small distances at will. [potion of mutation]
  6046 | D:7      | Gained mutation: Your system is resistant to poisons. (rPois) [potion of mutation]
  6071 | D:7      | HP: 4/88 [hellwing (6)]
  6079 | D:7      | Slain by a hellwing

Skill      XL: |  1  2  3  4  5  6  7  8  9 |
---------------+----------------------------+-----
Fighting       | 4 5 6 7 |  7.9
Armour         | 4 5 6 7 |  7.8
Shields        | 4 5 6 7 |  7.7
Axes           | 3 4 5 6 7 8 |  8.8
Dodging        | 1 3 5 7 |  7.8
Invocations    | 1 3 |  3.2
Stealth        | |  0.3

Action                   |  1- 3 |  4- 6 |  7- 9 | 10-12 || total
-------------------------+-------+-------+-------+-------++-------
Melee: War axe           |    73 |   125 |   335 |    19 ||   552
       Headbutt          |    14 |    18 |    74 |     3 ||   109
       Unarmed           |       |       |     9 |     4 ||    13
Invok: Heroism           |       |       |     1 |       ||     1
  Use: Scroll            |     3 |     5 |    10 |     1 ||    19
       Potion            |     2 |    10 |     3 |     4 ||    19
 Stab: Sleeping          |       |       |     4 |       ||     4
  Eat: Chunk             |       |     7 |    10 |       ||    17
Armor: Scale mail        |    32 |    41 |       |       ||    73
       Steam dragon scal |       |     2 |    80 |     2 ||    84
       Chain mail        |       |       |    11 |       ||    11
Dodge: Dodged            |    21 |    33 |   171 |    27 ||   252
Block: Shield            |    37 |    92 |   193 |    29 ||   351
